 Dungeon Crawl Stone Soup version 0.32-a0-818-gb728d0252e (webtiles) character file.

Game seed: 6772959269886243877

305 wildpjah the Covered (level 6, -4/52 HPs)
             Began as a Mountain Dwarf Fighter on Mar 25, 2024.
             Slain by Edmund
             ... wielding a +2 dire flail of protection
              (10 damage)
             ... on level 4 of the Dungeon.
             The game lasted 00:07:08 (3073 turns).

wildpjah the Covered (Mountain Dwarf Fighter)       Turns: 3073, Time: 00:07:09

Health: -4/52      AC:  9    Str: 24    XL:     6   Next: 16%
Magic:  6/6        EV:  9    Int: 11    God:
Gold:   75         SH:  5    Dex:  9    Spells: 5/5 levels left

rFire   . . .        u - +1 quarterstaff (spect)
rCold   . . .        (shield currently unavailable)
rNeg    . . .        b - +0 scale mail
rPois   .            (no helmet)
rElec   .            y - +0 cloak
rCorr   .            (no gloves)
SInv    .            (no boots)
Will    .....        p - amulet of reflection Stlth
                     z - +6 ring of strength
HPRegen 0.28/turn    (no ring)
MPRegen 0.10/turn

%: reflection
@: mighty
A: runic magic, artefact enchanting, shaggy fur 1
a: no special abilities


You were on level 4 of the Dungeon.
You visited 1 branch of the dungeon, and saw 4 of its levels.

You collected 215 gold pieces.
You spent 140 gold pieces at shops.

Inventory:

Hand Weapons
 a - a +0 flail
 r - a +0 mace
 u - a +1 spectral quarterstaff (weapon)
Missiles
 g - 5 javelins (quivered)
Armour
 b - a +0 scale mail (worn)
 c - a +0 buckler
 y - a +0 cloak (worn)
Magical Staves
 s - a staff of death
Jewellery
 n - an amulet of magic regeneration
 p - an amulet of reflection (around neck)
 z - a +6 ring of strength (left hand)
 B - a ring of poison resistance
Wands
 h - a wand of charming (6)
Scrolls
 e - a scroll of immolation {unknown}
 l - 2 scrolls of fear {unknown}
 t - a scroll of fog
 w - 3 scrolls of revelation {unknown}
Potions
 j - a potion of berserk rage {unknown}
 k - a potion of enlightenment {unknown}
 m - a potion of curing {unknown}
 o - 2 potions of haste {unknown}
 q - a potion of lignification {unknown}
 v - a potion of degeneration {unknown}
 x - a potion of heal wounds {unknown}
 A - a potion of magic {unknown}


   Skills:
 + Level 4.1 Fighting
 + Level 3.5(4.0) Maces & Flails
 + Level 2.2(3.1) Staves
 * Level 4.9 Armour
 + Level 0.4 Dodging
 + Level 3.8 Shields
 * Level 1.6 Necromancy
 * Level 2.0 Evocations


You had 5 spell levels left.
You didn't know any spells.
Your spell library contained the following spells:

 Spells                   Type           Power      Damage    Failure   Level
 Blink                    Tloc           0%         N/A       54%         2
 Lesser Beckoning         Tloc           0%         N/A       54%         2
 Mercury Vapours          Alch/Air       0%         N/A       54%         2
 Momentum Strike          Conj/Tloc      0%         3d8       54%         2
 Mephitic Cloud           Conj/Alch/Air  0%         N/A       78%         3
 Freezing Cloud           Conj/Ice/Air   0%         6-21      100%        5


Dungeon Overview and Level Annotations

Branches:
Dungeon (4/15)
 Temple: D:4-7

Altars:

Shops:
D:3 (

Annotations:
D:4 Edmund


Innate Abilities, Weirdness & Mutations

Your spellcasting is much less encumbered by armour.
You can use scrolls of enchantment on lesser artefacts.
You are covered in fur. (AC +1)


Message History

You hit Edmund.
Edmund is lightly wounded.
Edmund hits you with a +2 dire flail of protection!
You hit Edmund.
Edmund is lightly wounded.
Edmund hits you with a +2 dire flail of protection!
You closely miss Edmund.
Edmund is lightly wounded.
Edmund hits you with a +2 dire flail of protection!
You barely miss Edmund.
Edmund is lightly wounded.
Edmund closely misses you.
You closely miss Edmund.
Edmund is lightly wounded.
Edmund misses you.
You closely miss Edmund.
Edmund is lightly wounded.
Edmund hits you with a +2 dire flail of protection! x2
* * * LOW HITPOINT WARNING * * *
You hit Edmund but do no damage.
Edmund is lightly wounded.
Your +1 spectral quarterstaff hits Edmund but does no damage.
Edmund hits you with a +2 dire flail of protection.
* * * LOW HITPOINT WARNING * * *
It was a potion of cancellation.
You feel magically purged.
Your +1 spectral quarterstaff disappears.
Edmund hits you with a +2 dire flail of protection.
* * * LOW HITPOINT WARNING * * *
It was a potion of mutation.
You feel extremely strange. Fur sprouts all over your body.
Edmund hits you with a +2 dire flail of protection.
* * * LOW HITPOINT WARNING * * *
You feel very mighty all of a sudden. Edmund closely misses you.
You barely miss Edmund.
Edmund is lightly wounded.
Your +1 spectral quarterstaff hits Edmund!
Edmund hits you with a +2 dire flail of protection!
You die...
Edmund whines, "They better pay attention to me now!"

##..###
#..#
#..#
##..##
#..#
##...
#.###
#..##
##...
.##
##..##
### ##
##..##
##..##
##..##
#...#
##@(#
#@##
#r# #.#
..# ..#
...#
....
###..


You could see Edmund, a quokka and a friendly +1 spectral quarterstaff.

Vanquished Creatures
  Menkaure (D:4)
  A bombardier beetle (D:4)
  An orc wizard (D:3)
  4 adders
  3 ribbon worms (D:2)
  3 dart slugs
  3 orcs (D:3)
  9 ball pythons
  8 bats
  10 endoplasms
  4 giant cockroaches
  6 goblins
  3 hobgoblins
  5 kobolds
  3 quokkas
  2 frilled lizards
  6 rats
72 creatures vanquished.

Notes
Turn   | Place    | Note
-------+----------+-------------------------------------------
     0 | D:1      | wildpjah the Mountain Dwarf Fighter began the quest for the
                  | Orb.
     0 | D:1      | Reached XP level 1. HP: 19/19 MP: 1/1
    86 | D:1      | Reached XP level 2. HP: 21/26 MP: 2/2
   363 | D:1      | Reached XP level 3. HP: 30/33 MP: 3/3
  1053 | D:2      | Reached XP level 4. HP: 35/40 MP: 4/4
  1426 | D:2      | Reached skill level 1 in Evocations
  1945 | D:3      | Found Qotheb's Antique Weapon Shoppe.
  2091 | D:3      | Bought a runed quarterstaff for 140 gold pieces
  2107 | D:3      | Found a faded altar of an unknown god.
  2387 | D:3      | Reached skill level 1 in Staves
  2387 | D:3      | Reached XP level 5. HP: 46/46 MP: 5/5
  2728 | D:4      | Noticed Menkaure
  2735 | D:4      | Reached skill level 1 in Necromancy
  2738 | D:4      | Killed Menkaure
  2739 | D:4      | Reached XP level 6. HP: 13/52 MP: 6/6
  3057 | D:4      | Noticed Edmund
  3071 | D:4      | Gained mutation: You are covered in fur. (AC +1) [potion of
                  | mutation]
  3073 | D:4      | Slain by Edmund

Illustrated notes

Levels and vault maps discovered:
D:1:      sevenhm_arrival_forest_fort_large_2, layout_rooms,
          serial_corexii_hall, corexii_hall_statues_x, corexii_hall_statues_x,
          dk_noncrumbling_3
D:2:      layout_loops_ring, minmay_tall_x
D:3:      layout_basic, hellmonk_ecumenical_altar_pennies_from_heaven,
          serial_shops, nicolae_shop_tiny_statue_garden
D:4:      layout_layer_cave, uniq_menkaure, uniq_edmund, uniq_eustachio

Skill      XL: |  1  2  3  4  5 |
---------------+----------------+-----
Maces & Flails | 3 |  3.5
Armour         | 4 |  4.9
Evocations     | 1 2 |  2.0
Staves         | 1 2 |  2.2
Fighting       | 4 |  4.1
Necromancy     | 1 |  1.6
Dodging        | |  0.4
Shields        | |  3.8

Action                     |  1- 3 |  4- 6 || total
---------------------------+-------+-------++-------
  Melee: Flail             |    99 |       ||    99
         Mace              |    24 |    17 ||    41
         Staff             |       |    96 ||    96
         Quarterstaff      |       |    31 ||    31
  Throw: Javelin           |       |     3 ||     3
    Use: Scroll            |     1 |       ||     1
         Potion            |       |     3 ||     3
   Stab: Distracted        |       |     1 ||     1
 Armour: Scale mail        |   106 |    97 ||   203
  Dodge: Dodged            |    45 |    32 ||    77
  Block: Buckler           |    27 |    35 ||    62
         Other             |       |     2 ||     2

Table legend: (Time is in decaauts)
 A = Elapsed time spent in this place.
 B = Non-inter-level travel time spent in this place.
 C = Inter-level travel time spent in this place.
 D = Time resting spent in this place.
 E = Time spent auto-exploring this place.
 F = Levels seen in this place.
 G = Mean time per level.
                   A        B        C        D        E       F      G
               +--------+--------+--------+--------+--------+-----+--------+
         Total |   3132 |   3056 |     76 |     88 |   2304 |   4 |  783.0 |
       Dungeon |   3132 |   3056 |     76 |     88 |   2304 |   4 |  783.0 |
               +--------+--------+--------+--------+--------+-----+--------+

Top non-repeatable levels by time:
     D:3: 1056 daAuts
     D:2: 890 daAuts
     D:1: 838 daAuts
     D:4: 347 daAuts
